 Dungeon Crawl Stone Soup version 0.30-a0-586-g23e55c9e0a (webtiles) character file.

Game seed: 8563755421739138544

36897 wormed the Transmogrifier (level 13, 0/110 HPs)
             Began as an Octopode Transmuter on Jan 4, 2023.
             Was an Initiate of Gozag.
             Slain by a polar bear (24 damage)
             ... in an ice cave.
             The game lasted 00:44:51 (20560 turns).

wormed the Transmogrifier (Octopode Transmuter)    Turns: 20560, Time: 00:44:51

Health: 0/110      AC: 20    Str: 10    XL:     13   Next: 93%
Magic:  20/25      EV: 16    Int: 28    God:    Gozag
Gold:   447        SH:  0    Dex: 19    Spells: 13/28 levels left

rFire   x . .      SeeInvis .      - Unarmed
rCold   + + +      Faith    .    (shield currently unavailable)
rNeg    . . .      Spirit   .    (helmet currently unavailable)
rPois   +          Reflect  .    k - amulet of the acrobat
rElec   +          Harm     .    l - +6 ring of dexterity
rCorr   .          Rampage  .    u - +6 ring of intelligence
Will    +....                    z - ring of wizardry
Stlth   ++                       I - ring of willpower
HPRegen 0.38/turn                h - +4 ring of protection
MPRegen 0.19/turn                v - +4 ring of protection
                                 H - ring of Qoih {Wiz Slay+5}
                                 D - ring "Afocvuz" {Fly rElec rPois Int+3}

@: ice-form, wereblooded, gold aura, flying
A: freezing attack, boosted hp, almost no armour, amphibious, 8 rings, large,
(camouflage 1), (gelatinous body 1), (nimble swimmer 1), (tentacles)
a: End Transformation, Renounce Religion, Potion Petition, Call Merchant, Bribe
Branch


You were in an ice cave.
You worshipped Gozag.
Gozag was aware of your devotion.
You were a creature of crystalline ice.
You visited 3 branches of the dungeon, and saw 17 of its levels.
You also visited: Sewer, Bailey and Ice Cave.

You collected 3359 gold pieces.
You spent 155 gold pieces at shops.
You paid 2757 gold pieces to Gozag.

Inventory:

Missiles
 y - 2 throwing nets
Armour
 j - the +0 hat of the Raven (melded) {rElec rC++ Str+4 Dex-4}
   (You acquired it in an ice cave)

   Str:       It affects your strength (+4).
   Dex:       It affects your dexterity (-4).
   rC:        It greatly protects you from cold.
   rElec:     It insulates you from electricity.
 O - a +0 hat
Magical Staves
 C - a staff of air (melded)
Jewellery
 h - a +4 ring of protection (on tentacle)
 k - an amulet of the acrobat (around neck)
 l - a +6 ring of dexterity (left front paw)
 u - a +6 ring of intelligence (right front paw)
 v - a +4 ring of protection (on tentacle)
 z - a ring of wizardry (on tentacle)
 A - an amulet of reflection
 D - the ring "Afocvuz" (on tentacle) {Fly rElec rPois Int+3}
   (You acquired it on level 8 of the Dungeon)

   [ring of flight]

   Int:       It affects your intelligence (+3).
   rElec:     It insulates you from electricity.
   rPois:     It protects you from poison.
   Fly:       It grants you flight.
 H - the ring of Qoih (on tentacle) {Wiz Slay+5}
   (You found it on level 8 of the Dungeon)

   [ring of wizardry]

   It improves your spell success rate.
   Slay:      It affects your accuracy & damage with ranged weapons and melee
   (+5).
 I - a ring of willpower (on tentacle)
Wands
 a - a wand of iceblast (14)
 f - a wand of paralysis (50)
 x - a wand of flame (35)
 F - a wand of light (8)
 J - a wand of polymorph (2) (quivered)
Scrolls
 b - 7 scrolls of teleportation
 m - a scroll of amnesia
 n - 2 scrolls of vulnerability
 o - 3 scrolls of noise
 r - 2 scrolls of magic mapping
 s - 6 scrolls of enchant armour
 E - a scroll of silence
 G - 2 scrolls of enchant weapon
 R - a scroll of torment {unknown}
 T - a scroll of poison
Potions
 c - 2 potions of mutation
 d - 8 potions of curing
 e - 2 potions of ambrosia
 g - 4 potions of degeneration
 i - a potion of attraction
 p - 7 potions of flight
 q - 2 potions of magic
 t - a potion of cancellation
 B - a potion of resistance
 K - a potion of invisibility
 L - 2 potions of might
 M - a potion of berserk rage
 N - a potion of lignification
 Q - 2 potions of brilliance {unknown}


   Skills:
 + Level 9.9 Fighting
 + Level 10.1 Dodging
 * Level 8.6 Unarmed Combat
 - Level 8.0 Spellcasting
 * Level 13.8 Transmutations
 - Level 5.0 Ice Magic
 + Level 5.0 Air Magic


You had 13 spell levels left.
You knew the following spells:

 Your Spells              Type           Power      Damage    Failure   Level
a - Ice Form              Ice/Tmut       59%        N/A       1%          4
b - Wereblood             Tmut           73%        N/A       1%          2
c - Beastly Appendage     Tmut           100%       N/A       0%          1
d - Blink                 Tloc           22%        N/A       2%          2
e - Statue Form           Tmut/Erth      33%        N/A       12%         6

Your spell library contained the following spells:

 Spells                   Type           Power      Damage    Failure   Level
 Slow                     Hex            44%        N/A       1%          1
 Ozocubu's Armour         Ice            39%        N/A       1%          3
 Spider Form              Tmut/Pois      50%        N/A       1%          3
 Petrify                  Tmut/Erth      50%        N/A       1%          4
 Momentum Strike          Conj/Tloc      22%        3d8       2%          2
 Scorch                   Fire           22%        2d6       2%          2
 Call Canine Familiar     Summ           11%        N/A       4%          3
 Confusing Touch          Hex            11%        N/A       4%          3
 Inner Flame              Hex/Fire       11%        N/A       4%          3
 Lesser Beckoning         Tloc           22%        N/A       4%          3
 Portal Projectile        Hex/Tloc       22%        N/A       4%          3
 Vampiric Draining        Necr           11%        2d6       4%          3
 Cause Fear               Hex            5%         N/A       13%         4
 Flame Wave               Conj/Fire      11%        2d6       13%         4
 Leda's Liquefaction      Hex/Erth       5%         N/A       13%         4
 Metabolic Englaciation   Hex/Ice        12%        N/A       13%         5
 Ozocubu's Refrigeration  Ice            19%        4d11      75%         7
 Summon Cactus Giant      Summ           5%         N/A       85%         6
 Discord                  Hex            5%         N/A       100%        8


Dungeon Overview and Level Annotations

Branches:
Dungeon (11/15)            Temple (1/1) D:7            Lair (5/5) D:8
 Shoals (0/4) Lair:3        Snake (0/4) Lair:2          Orc (0/2) D:9
  Sewer (visited)          Bailey (visited)           IceCv (1/1)
  Slime: Lair:4-5

Altars:
Ashenzari
Cheibriados
Dithmenos
Elyvilon
Fedhas
Gozag
Hepliaklqana
Kikubaaqudgha
Makhleb
Nemelex Xobeh
Okawaru
Qazlal
Ru
Sif Muna
Trog
Uskayaw
Vehumet
Wu Jian
Xom
Yredelemnul
Zin
The Shining One

Shops:
D:8 *

Annotations:
D:4 1 runed translucent door, bande's ghost, amateur GrFi
D:7 4 runed translucent doors
D:10 3 runed translucent doors, pdpol's ghost, journeyman MiFi
D:11 4 runed translucent doors, DSscumlord's ghost, journeyman DsFi
Lair:4 2 transporters, billz999's ghost, journeyman DjIE


Innate Abilities, Weirdness & Mutations

You are a creature of crystalline ice.
You have a powerful freezing melee attack.
Your maximum health is increased.
Your armour is entirely melded.
You are incapable of wielding weapons or throwing items.
You cannot wear most types of armour.
You are amphibious.
You can wear up to eight rings at the same time.
((Your skin changes colour to match your surroundings (Stealth+).))
((Your rubbery body absorbs attacks. (AC +1, EV +1)))
((You are camouflaged when in or above water. (Stealth+)))
((You have tentacles for arms and can constrict up to eight enemies at once.))


Message History

The polar bear bites you but does no damage.
The polar bear misses you. The polar bear closely misses you.
You pummel the death yak!! You freeze the death yak.
The death yak is almost dead.
The death yak barely misses you.
The polar bear bites you but does no damage.
The polar bear closely misses you.
The polar bear claws you but does no damage.
You punch the death yak! You freeze the death yak.
You feel a bit better.
You kill the death yak!
The polar bear misses you. x2; The polar bear closely misses you.
You hit the polar bear. You freeze the polar bear.
The polar bear is lightly wounded.
The polar bear closely misses you. x2
The polar bear claws you but does no damage.
You pummel the polar bear!! You freeze the polar bear.
The polar bear is almost dead.
The polar bear goes berserk!
You completely miss the polar bear.
The polar bear is almost dead.
The polar bear closely misses you. The polar bear claws you.
* * * LOW HITPOINT WARNING * * *
The polar bear barely misses you.
You hit the polar bear.
The polar bear is almost dead.
The polar bear misses you. x2; The polar bear barely misses you.
You barely miss the polar bear.
The polar bear is almost dead.
The polar bear bites you.
* * * LOW HITPOINT WARNING * * *
The polar bear barely misses you.
The polar bear claws you but does no damage.
The polar bear bites you.
* * * LOW HITPOINT WARNING * * *
The polar bear barely misses you. The polar bear closely misses you.
You hit the polar bear.
The polar bear is almost dead.
The polar bear bites you!!
You die...
Your body crumbles into a pile of gold.

##..#### ##....####
##....h.### ####.#...##
#####..## ##..###
###....## ###..h....# ###
###...$Y..### #.###
##........## #####...#
#.......#######.......###
#.......###...C...###...#
##.....#........### ###.#
##............## #..
##..........## ##.
##.#....#.## #..
####..#### ##C


You could see a polar bear (berserk).

Vanquished Creatures
  Gastronok (Lair:2)
  2 two-headed ogres
  6 death yaks (IceCv)
  A fire crab (shapeshifter) (D:11)
  Amaemon (D:8)
  A deep elf zephyrmancer (Bailey)
  A lindwurm (Lair:4)
  Pikel (D:7)
  An orc knight (Bailey)
  A salamander (Lair:2)
  A cyclops (D:11)
  Maurice (D:8)
  An orange demon (D:8)
  Joseph (D:7)
  10 elephants
  2 torpor snails
  A black mamba (Lair:4)
  An ice statue (IceCv)
  4 cane toads
  8 rime drakes
  2 unseen horrors
  2 ice devils (Lair:5)
  5 komodo dragons
  2 trolls (D:11)
  7 polar bears
  3 dream sheep (Lair:4)
  A hornet (D:9)
  Sigmund (D:4)
  A slime creature (D:7)
  2 shadows
  A wraith (D:10)
  Eustachio (D:3)
  A vampire (D:11)
  2 basilisks
  Grum (D:10)
  24 yaks
  2 steam dragons
  2 acid dragons
  14 water moccasins
  13 orc warriors
  3 ice beasts
  2 sky beasts
  4 black bears
  3 ogres
  18 wolves
  10 centaurs
  Blork the orc (D:4)
  3 kobold brigands
  A phantom (D:5)
  10 bullfrogs
  A gnoll sergeant (D:7)
  A necrophage (D:6)
  2 scorpions
  4 wights
  6 electric eels
  2 howler monkeys
  3 orc priests
  A gnoll bouda (D:8)
  2 hounds
  3 jellies
  Jessica (D:3)
  An iguana (D:4)
  Ijyb (D:4)
  7 orc wizards
  6 hell rats (Lair:2)
  Robin (D:4)
  9 gnolls
  4 river rats
  9 adders
  3 shadow imps
  4 white imps
  4 worms
  2 dart slugs (D:1)
  31 orcs
  4 bats
  8 endoplasms
  8 giant cockroaches
  21 goblins
  9 hobgoblins
  2 jackals (Sewer)
  3 quokkas
  15 ball pythons
  5 frilled lizards
  11 kobolds
  12 rats
394 creatures vanquished.

Vanquished Creatures (others)
  A rime drake (IceCv)
  An adder (D:6)
  2 demonic plants (D:4)
  9 fungi
  42 plants
55 creatures vanquished.

Grand Total: 449 creatures vanquished

Notes
Turn   | Place    | Note
-------+----------+-------------------------------------------
     0 | D:1      | wormed the Octopode Transmuter began the quest for the Orb.
     0 | D:1      | Reached XP level 1. HP: 13/13 MP: 3/3
   165 | D:1      | Reached XP level 2. HP: 18/18 MP: 3/5
   397 | D:1      | Noticed a shining eye
   399 | D:1      | Found a faded altar of an unknown god.
   400 | D:1      | Noticed a great orb of eyes
   400 | D:1      | Noticed a golden eye
   400 | D:1      | Noticed a great orb of eyes
   452 | D:1      | Reached skill level 1 in Ice Magic
   523 | D:1      | Reached XP level 3. HP: 23/23 MP: 4/6
  1122 | D:2      | Reached skill level 3 in Transmutations
  1180 | D:2      | Found a shimmering blue altar of Sif Muna.
  1725 | D:2      | Reached XP level 4. HP: 28/28 MP: 5/7
  1766 | D:2      | Learned a level 4 spell: Ice Form
  1827 | D:2      | Learned a level 2 spell: Wereblood
  2268 | D:3      | Reached XP level 5. HP: 15/33 MP: 3/9
  2461 | D:3      | Noticed Jessica
  2471 | D:3      | Killed Jessica
  2472 | D:3      | Reached skill level 4 in Transmutations
  2723 | D:4      | Noticed Eustachio
  2723 | D:4      | Noticed Sigmund
  2739 | D:3      | Killed Eustachio
  2740 | D:3      | Reached XP level 6. HP: 31/38 MP: 7/11
  2953 | D:4      | Reached skill level 5 in Transmutations
  3021 | D:4      | Found a runed translucent door.
  3022 | D:4      | Noticed bande's ghost (amateur GrFi)
  3050 | D:4      | Found a glowing drain.
  3078 | Sewer    | Entered a sewer
  3483 | Sewer    | Reached XP level 7. HP: 37/43 MP: 10/12
  4278 | D:4      | Reached skill level 6 in Transmutations
  4345 | D:4      | Noticed Ijyb
  4361 | D:4      | Killed Ijyb
  4661 | D:4      | Noticed Blork the orc
  4673 | D:4      | Killed Blork the orc
  4680 | D:4      | Reached XP level 8. HP: 31/48 MP: 9/14
  4803 | D:4      | Noticed Robin
  4810 | D:4      | Killed Robin
  4958 | D:4      | Killed Sigmund
  4959 | D:4      | Reached skill level 7 in Transmutations
  5222 | D:5      | Entered Level 5 of the Dungeon
  5805 | D:5      | Reached skill level 5 in Spellcasting
  6070 | D:6      | Reached skill level 5 in Ice Magic
  6113 | D:6      | Found a sparkling altar of Nemelex Xobeh.
  6176 | D:6      | Reached skill level 8 in Transmutations
  6176 | D:6      | Reached XP level 9. HP: 49/54 MP: 8/17
  6384 | D:6      | Found a bloodstained altar of Trog.
  7045 | D:7      | Identified the +8 plate armour "Atioptam" {rN++}
  7077 | D:7      | Noticed Pikel
  7261 | D:7      | Found a large runed translucent door.
  7261 | D:7      | Found a large runed translucent door.
  7266 | D:7      | Found a large runed translucent door.
  7266 | D:7      | Found a large runed translucent door.
  7267 | D:7      | Found the +5 scythe "Finisher" {speed, eviscerate}
  7284 | D:7      | Noticed a boulder beetle
  7325 | D:7      | Reached skill level 9 in Transmutations
  7436 | D:7      | Noticed Joseph
  7453 | D:7      | Killed Joseph
  7695 | D:7      | Found a staircase to the Ecumenical Temple.
  8001 | D:7      | Reached XP level 10. HP: 53/63 MP: 16/19
  8239 | D:7      | Killed Pikel
  8613 | D:8      | Found Loopen's Assorted Antiques.
  8620 | D:8      | Bought a scroll of identify for 62 gold pieces
  8620 | D:8      | Bought a scroll of identify for 62 gold pieces
  8620 | D:8      | Bought a scroll labelled RAZIOSOSHRY for 31 gold pieces
  8712 | D:8      | Reached skill level 5 in Dodging
  8713 | D:8      | Noticed a two-headed ogre
  8746 | D:8      | Killed a two-headed ogre
  8747 | D:8      | Reached skill level 5 in Fighting
  8747 | D:8      | Reached skill level 10 in Transmutations
  8872 | D:8      | Noticed Amaemon
  8910 | Temple   | Entered the Ecumenical Temple
  9048 | Temple   | Became a worshipper of Gozag Ym Sagoz the Greedy
  9146 | D:8      | Found a glowing golden altar of the Shining One.
  9241 | D:8      | Found a staircase to the Lair.
  9549 | D:8      | Reached XP level 11. HP: 47/72 MP: 18/22
  9751 | D:8      | Killed Amaemon
 10072 | D:8      | Identified the ring of Qoih {Wiz Slay+5}
 10104 | D:8      | Noticed Maurice
 10117 | D:8      | Paralysed by something for 2 turns
 10123 | D:8      | Killed Maurice
 10207 | D:8      | Found a shimmering blue altar of Sif Muna.
 10207 | D:8      | Found a white marble altar of Elyvilon.
 10211 | D:8      | Found a burning altar of Makhleb.
 10215 | D:8      | Found a shimmering altar of Xom.
 10216 | D:8      | Found a broken altar of Ashenzari.
 10218 | D:8      | Found a basalt altar of Yredelemnul.
 10219 | D:8      | Found an ancient bone altar of Kikubaaqudgha.
 10323 | D:8      | Identified a scroll of acquirement
 10323 | D:8      | Acquired the ring "Afocvuz" {Fly rElec rPois Int+3}
 10420 | D:9      | Found a staircase to the Orcish Mines.
 10560 | D:9      | Noticed a two-headed ogre
 10567 | D:9      | Killed a two-headed ogre
 10568 | D:9      | Reached skill level 11 in Transmutations
 11136 | D:10     | Entered Level 10 of the Dungeon
 11228 | D:10     | Noticed Grum
 11246 | D:10     | Killed Grum
 11508 | D:10     | Found a flagged portal.
 11553 | Bailey   | Entered a bailey
 11674 | Bailey   | Noticed an orc knight
 11687 | Bailey   | Killed an orc knight
 11947 | Bailey   | Found a large runed translucent door.
 11947 | Bailey   | Found a large runed translucent door.
 11948 | Bailey   | Noticed a deep elf zephyrmancer
 12078 | Bailey   | Killed a deep elf zephyrmancer
 12350 | D:10     | Found a runed translucent gate.
 12350 | D:10     | Found a runed translucent gate.
 12350 | D:10     | Found a runed translucent gate.
 12352 | D:10     | Noticed pdpol's ghost (journeyman MiFi)
 12445 | D:10     | Found a hazy altar of Hepliaklqana.
 12762 | D:11     | Noticed a cyclops
 12772 | D:11     | Killed a cyclops
 13027 | D:11     | Reached XP level 12. HP: 82/82 MP: 24/24
 13055 | D:11     | Found a runed translucent door.
 13137 | D:11     | Noticed a two-headed ogre
 13161 | D:11     | Noticed a catoblepas
 13161 | D:11     | Noticed a lich
 13161 | D:11     | Noticed DSscumlord's ghost (journeyman DsFi)
 13182 | D:11     | Found a runed translucent door.
 13183 | D:11     | Noticed a war gargoyle
 13185 | D:11     | Noticed a stone giant
 13186 | D:11     | Found a runed translucent door.
 13653 | D:11     | Found a runed translucent door.
 13796 | D:11     | Learned a level 2 spell: Blink
 13888 | Lair:1   | Entered Level 1 of the Lair of Beasts
 13927 | Lair:1   | Reached skill level 12 in Transmutations
 14184 | Lair:1   | Reached skill level 1 in Air Magic
 14390 | Lair:1   | Reached skill level 5 in Unarmed Combat
 14904 | Lair:1   | Noticed a catoblepas
 15740 | Lair:2   | Noticed Gastronok
 15756 | Lair:2   | Killed Gastronok
 15936 | Lair:2   | Found a staircase to the Snake Pit.
 16886 | Lair:3   | Reached XP level 13. HP: 90/90 MP: 19/25
 17263 | Lair:3   | Found a staircase to the Shoals.
 17301 | Lair:3   | Reached skill level 13 in Transmutations
 18023 | Lair:4   | Found a transporter.
 18032 | Lair:4   | Noticed billz999's ghost (journeyman DjIE)
 18039 | Lair:4   | Found a transporter.
 18535 | Lair:4   | Learned a level 6 spell: Statue Form
 19107 | Lair:5   | Entered Level 5 of the Lair of Beasts
 19199 | Lair:5   | Found a frozen archway.
 19229 | IceCv    | Entered an ice cave
 19875 | IceCv    | Reached skill level 10 in Dodging
 20188 | IceCv    | Noticed a frost giant
 20298 | IceCv    | Acquired the +0 hat of the Raven {rElec rC++ Str+4 Dex-4}
 20446 | IceCv    | Reached skill level 5 in Air Magic
 20560 | IceCv    | Slain by a polar bear

Illustrated notes

Levels and vault maps discovered:
D:1:      tarquinn_simple_flora_water_e, layout_basic,
          hellmonk_ecumenical_altar_watching_god, minmay_domino_2
D:2:      layout_basic, basic_altar, chequers_serial_rivers_marsh
D:3:      layout_rooms, uniq_jessica
D:4:      layout_basic, portal_sewer_entry_b, serial_demonic, serial_demonic_a,
          serial_demonic_b, serial_demonic_g, serial_demonic_e,
          gammafunk_ghost_grave, uniq_robin, uniq_eustachio, uniq_ijyb,
          uniq_blork_the_orc, uniq_sigmund
D:5:      layout_basic
D:6:      layout_rooms, mainiacjoe_overflow_six_doors_small, trog_hazing_becter,
          grunt_ministairs_10
D:7:      layout_loops_corners, minmay_temple_entry_from_below_a,
          minmay_hollow_rounded_squares, uniq_joseph, uniq_pikel
D:8:      layout_loops_ring, mainiacjoe_overflow_24_doors, minitemple,
          hellmonk_lair_entry_icy, serial_shops, nicolae_stop_n_shop_2,
          chequers_serial_rivers_micro_b, uniq_amaemon, uniq_maurice
D:9:      layout_loops_cross, orc_0_dummy
D:10:     layout_roguey, mainiacjoe_overflow_surrounded_room, enter_bailey_6,
          gammafunk_ghost_nasty_kobolds, chequers_serial_rivers_small_a,
          uniq_grum
D:11:     cheibrodos_histonic, layout_rooms, muffindrake_ghost_dual_entry
Temple:   nicolae_temple_bog_church
Lair:1:   layout_hall_layers, wad_woods_river_01
Lair:2:   layout_gridlike, nicolae_snake_entry_warm_welcome, grunt_megastairs_2,
          lemuel_fruit_fields, uniq_gastronok
Lair:3:   layout_layer_cave, minmay_shoals_entry_centaurs, disabler_island
Lair:4:   layout_small_grid, nzn_ghost_randoct
Lair:5:   hellmonk_lair_end_abyssal_woods, layout_hall_layers,
          dpeg_slime_entry_enclosed, portal_ice_cave_demonic_guard,
          infiniplex_staircase_pool_2, grunt_megastairs_4, lemuel_fruit_fields
IceCv:    ice_cave_small_giant

Skill      XL: |  1  2  3  4  5  6  7  8  9 10 11 12 13 |
---------------+----------------------------------------+-----
Ice Magic      | 1 2 3 4 5 |  5.0
Transmutations | 3 4 5 6 8 9 10 11 12 13 | 13.8
Spellcasting   | 3 4 5 6 7 8 |  8.0
Fighting       | 4 6 8 9 |  9.9
Dodging        | 4 6 8 9 10 | 10.1
Unarmed Combat | 6 8 |  8.6
Air Magic      | 3 5 |  5.0

Action                   |  1- 3 |  4- 6 |  7- 9 | 10-12 | 13-15 || total
-------------------------+-------+-------+-------+-------+-------++-------
Melee: Unarmed           |    86 |   127 |   312 |   585 |   283 ||  1393
       Tentacles         |    15 |    36 |    24 |     5 |     1 ||    81
       Constrict         |    23 |    34 |    17 |     4 |       ||    78
       Kick              |    28 |    45 |    23 |       |       ||    96
       Punch             |     4 |     3 |     1 |     1 |       ||     9
       Staff             |       |       |       |    30 |     3 ||    33
 Cast: Beastly Appendage |    29 |    21 |     8 |       |       ||    58
       Wereblood         |       |    17 |    31 |    63 |    26 ||   137
       Ice Form          |       |       |    27 |    63 |    25 ||   115
       Blink             |       |       |       |       |     1 ||     1
       Statue Form       |       |       |       |       |     1 ||     1
Invok: Potion Petition   |       |       |       |     3 |     3 ||     6
 Abil: End Transformatio |       |       |       |       |     1 ||     1
Evoke: Wand              |       |       |       |     3 |       ||     3
  Use: Scroll            |       |    11 |     8 |    12 |     5 ||    36
       Potion            |       |     2 |     4 |    10 |     4 ||    20
 Stab: Sleeping          |     8 |     6 |       |       |       ||    14
       Distracted        |       |       |       |     2 |     1 ||     3
Armor: Skin              |     4 |    13 |    88 |   394 |   108 ||   607
Dodge: Dodged            |    48 |    77 |   190 |   477 |   287 ||  1079

Table legend: (Time is in decaauts)
 A = Elapsed time spent in this place.
 B = Non-inter-level travel time spent in this place.
 C = Inter-level travel time spent in this place.
 D = Time resting spent in this place.
 E = Time spent auto-exploring this place.
 F = Levels seen in this place.
 G = Mean time per level.
                   A        B        C        D        E       F      G
               +--------+--------+--------+--------+--------+-----+--------+
         Total |  20411 |  19401 |   1010 |   1342 |  13794 |  20 | 1020.5 |
       Dungeon |  12429 |  11706 |    723 |    747 |   8572 |  11 | 1129.9 |
        Temple |    161 |    117 |     44 |      0 |    105 |   1 |  161.0 |
          Lair |   5091 |   4850 |    241 |    322 |   3650 |   5 | 1018.2 |
         Sewer |    857 |    857 |      0 |    147 |    500 |   1 |  857.0 |
        Bailey |    576 |    576 |      0 |    107 |    218 |   1 |  576.0 |
      Ice Cave |   1295 |   1295 |      0 |     18 |    748 |   1 | 1295.0 |
               +--------+--------+--------+--------+--------+-----+--------+

Top non-repeatable levels by time:
     D:7: 1717 daAuts
  Lair:3: 1639 daAuts
     D:8: 1610 daAuts
     D:4: 1460 daAuts
   IceCv: 1295 daAuts
  Lair:4: 1185 daAuts
  Lair:1: 1119 daAuts
    D:10: 1108 daAuts
  Lair:2: 1097 daAuts
     D:1: 1035 daAuts
    D:11: 1022 daAuts
     D:6: 930 daAuts
     D:2: 930 daAuts
     D:3: 922 daAuts
     D:5: 899 daAuts
